 Dungeon Crawl Stone Soup version 0.28-a0-1518-gbe868bca14 (webtiles) character file.

Game seed: 11243963923531539015

34343 fragbeetle the Martial Artist (level 13, 0/116 HPs)
             Began as a Red Draconian Transmuter on Jan 17, 2022.
             Was a Priest of Ashenzari.
             Slain by Urug (15 damage)
             ... on level 4 of the Lair of Beasts.
             The game lasted 00:55:52 (20821 turns).

fragbeetle the Martial Artist (DrTm)               Turns: 20821, Time: 00:55:52

Health: 0/116      AC: 18    Str: 13    XL:     13   Next: 41%
Magic:  30/34      EV: 17    Int: 14    God:    Ashenzari [***...]
Gold:   1926       SH:  0    Dex: 16    Spells: 4/28 levels left

rFire   + . .      SeeInvis +     - Unarmed
rCold   . . .      Faith    .   (shield currently unavailable)
rNeg    . . .      Spirit   .   (armour unavailable)
rPois   .          Reflect  .   c - +1 hat of the Ruined Stars {Fort, Comp} (curse)
rElec   .          Harm     .   D - +1 cloak of Ashenzari's Doubts {rCorr, Elem, Evo} (curse)
rCorr   +          Rampage  .   (gloves currently unavailable)
Will    +....      Clarity  +   (no boots)
Stlth   ++........              i - amulet of magic regeneration
HPRegen 0.29/turn               C - ring "Ruined Together" {Will+, Comp, Self} (curse)
MPRegen 0.64/turn               x - ring "Bound Together" {MP+9, Cun, Bglg} (curse)

@: ice-armoured, blade hands
A: breathe fire, AC +8, unfitting armour, fire resistance 1, cold-blooded
a: Breathe Fire, End Transformation, Renounce Religion, Curse Item, Shatter the
Chains


You were on level 4 of the Lair of Beasts.
You worshipped Ashenzari.
Ashenzari was most pleased with you.
You had blades for hands.
You visited 3 branches of the dungeon, and saw 16 of its levels.

You collected 2107 gold pieces.
You spent 181 gold pieces at shops.

Inventory:

Hand Weapons
 N - a +1 vorpal hunting sling
Missiles
 d - 482 stones
 g - 2 throwing nets
 q - 14 poisoned darts
 t - 89 sling bullets
Armour
 c - the cursed +1 hat of the Ruined Stars (worn) {Fort, Comp}
   (You found it on level 1 of the Dungeon)

   It has a curse which improves the following skills: Fortitude: Shields.
   Companions: Summonings and Necromancy.
 D - the cursed +1 cloak of Ashenzari's Doubts (worn) {rCorr, Elem, Evo}
   (You bought it in a shop on level 6 of the Dungeon)

   It has a curse which improves the following skills: Elements: Fire Magic, Ice
   Magic, Air Magic and Earth Magic.
   Evocations: Evocations.
Magical Staves
 F - a staff of conjuration
 I - a staff of cold
Jewellery
 f - a ring of protection from fire
 i - an amulet of magic regeneration (around neck)
 x - the cursed ring "Bound Together" (right blade hand) {MP+9, Cun, Bglg}
   (You found it on level 9 of the Dungeon)

   [ring of magical power]

   MP:        It affects your magic capacity (+9).
   It has a curse which improves the following skills: Cunning: Dodging and
   Stealth.
   Beguiling: Conjurations, Hexes and Translocations.
 C - the cursed ring "Ruined Together" (left blade hand) {Will+, Comp, Self}
   (You found it on level 7 of the Dungeon)

   [ring of willpower]

   Will:      It increases your willpower.
   It has a curse which improves the following skills: Companions: Summonings
   and Necromancy.
   Introspection: Fighting and Spellcasting.
Wands
 w - a wand of paralysis (1)
 z - a wand of mindburst (10)
 G - a wand of flame (19)
 L - a wand of iceblast (11)
 M - a wand of acid (2)
Scrolls
 h - 4 scrolls of amnesia
 j - a scroll of fear
 o - 3 scrolls of immolation
 r - 3 scrolls of fog
 s - a scroll of blinking
 y - 4 scrolls of teleportation
 E - 2 scrolls of enchant weapon
 H - 7 scrolls of magic mapping
 J - a scroll of brand weapon
 K - a scroll of holy word
 O - a scroll of enchant armour
Potions
 a - 4 potions of lignification
 b - a potion of invisibility
 e - 5 potions of curing
 k - a potion of flight
 l - 2 potions of heal wounds
 m - 2 potions of resistance
 n - a potion of might
 u - a potion of haste
 v - a potion of ambrosia
 A - a potion of brilliance
 B - a potion of cancellation
Miscellaneous
 p - a piece from Xom's chessboard (15/15)


   Skills:
 + Level 9.5(11.1) Fighting
 + Level 8.1(9.7) Dodging
 * Level 12.5 Unarmed Combat
 - Level 6.5(8.1) Spellcasting
 - Level 3.1(4.5) Conjurations
 + Level 9.1 Transmutations
 + Level 8.6(10.2) Fire Magic
 - Level 6.0(7.6) Ice Magic
 + Level 2.3(3.6) Earth Magic
 - Level 3.0 Poison Magic


You had 4 spell levels left.
You knew the following spells:

 Your Spells              Type           Power      Damage    Failure   Level
a - Beastly Appendage     Tmut           62%        N/A       10%         1
b - Spider Form           Tmut/Pois      22%        N/A       26%         3
c - Ozocubu's Armour      Ice            27%        N/A       19%         3
d - Ice Form              Ice/Tmut       29%        N/A       30%         4
e - Sticky Flame          Conj/Fire      26%        2d5       36%         4
g - Leda's Liquefaction   Hex/Erth       5%         N/A       87%         4
q - Blade Hands           Tmut           15%        N/A       43%         5

Your spell library contained the following spells:

 Spells                   Type           Power      Damage    Failure   Level
 Wereblood                Tmut           31%        N/A       11%         2
 Conjure Flame            Conj/Fire      26%        6-21      21%         3
 Ignite Poison            Fire/Tmut/Pois 26%        N/A       21%         3
 Ensorcelled Hibernation  Hex/Ice        32%        N/A       28%         2
 Blink                    Tloc           12%        N/A       61%         2
 Call Canine Familiar     Summ           6%         N/A       75%         3
 Portal Projectile        Hex/Tloc       12%        N/A       77%         3
 Animate Dead             Necr           3%         N/A       96%         4
 Anguish                  Hex/Necr       3%         N/A       97%         4
 Borgnjor's Vile Clutch   Necr/Erth      5%         N/A       98%         5
 Manifold Assault         Tloc           6%         N/A       100%        5
 Summon Forest            Summ/Tloc      3%         N/A       100%        5
 Summon Mana Viper        Hex/Summ       6%         N/A       100%        5
 Death Channel            Necr           3%         N/A       100%        6
 Iron Shot                Conj/Erth      8%         9d3       100%        6
 Summon Cactus Giant      Summ           3%         N/A       100%        6
 Ozocubu's Refrigeration  Ice            13%        4d7       100%        7
 Storm Form               Tmut/Air       9%         N/A       100%        7
 Animate Armour           Summ/Erth      Unusable   N/A       N/A         4

Dungeon Overview and Level Annotations

Branches:
Dungeon (11/15)            Temple (1/1) D:5            Lair (4/6) D:10
 Shoals (0/4) Lair:2       Spider (0/4) Lair:3          Orc (0/2) D:9

Altars:
Ashenzari
Cheibriados
Dithmenos
Elyvilon
Fedhas
Gozag
Hepliaklqana
Kikubaaqudgha
Makhleb
Nemelex Xobeh
Okawaru
Qazlal
Ru
Sif Muna
Trog
Uskayaw
Vehumet
Wu Jian
Xom
Yredelemnul
Zin
The Shining One

Shops:
D:6 [

Annotations:
Lair:1 2 runed translucent doors, Jukk's ghost, journeyman DECj
Lair:4 Urug


Innate Abilities, Weirdness & Mutations

You have blades for hands.
Your spellcasting is less reliable in this form.
You are incapable of wielding weapons or throwing items.
You can breathe blasts of fire.
Your fiery red scales are hard. (AC +8)
You cannot fit into any form of body armour.
Your flesh is heat resistant. (rF+)
You are cold-blooded and may be slowed by cold attacks.


Message History

A film of ice covers your body!
Your icy armour will break if you move.
Continue?
Your icy armour cracks and falls away as you move.
Urug hits you with a +6 demon trident.
Casting: Ozocubu's Armour (safe; 1% risk of failure)
Confirm with . or Enter, or press ? or * to list all spells.
A film of ice covers your body! Urug hits you with a +6 demon trident.
Casting: Ozocubu's Armour (safe; 1% risk of failure)
Confirm with . or Enter, or press ? or * to list all spells.
Your hands turn into razor-sharp scythe blades.
Urug hits you with a +6 demon trident!!
You hit Urug but do no damage. You slice Urug!!
Your tail-slap misses Urug.
Urug is moderately wounded.
Urug screams, "Payback for my eye!"
Urug hits you with a +6 demon trident!!
You hit Urug.
Urug is heavily wounded.
Urug hits you with a +6 demon trident.
You barely miss Urug. You tail-slap Urug.
Urug is heavily wounded.
Urug hits you with a +6 demon trident!
* * * LOW HITPOINT WARNING * * *
You hit Urug but do no damage.
Urug is heavily wounded.
Urug closely misses you.
You slash Urug!
Your tail-slap misses Urug.
Urug is heavily wounded.
You completely miss Urug.
Urug is heavily wounded.
Urug hits you with a +6 demon trident!
* * * LOW HITPOINT WARNING * * *
You closely miss Urug.
Urug is heavily wounded.
Urug hits you with a +6 demon trident!
* * * LOW HITPOINT WARNING * * *
You hit Urug but do no damage.
Urug is heavily wounded.
Urug hits you with a +6 demon trident!
You die...

*,** *,,,,,,,,,**,**....,,,,,,,,
,,* *,,**,,,P†,,**#....,),,,**,
*,** *P,**#.,,,,,*#....,,,,,,,**
,,,* **,**#..,**?#....*,,,,*,,,*
,,** *,,##.##***...#**,*,,**,,,
,,* *,*#...####..#*,,,,,,**,,,
,** #,*#....##...#**,,,,,**,,,
,** ***#.###....#>.♣.#*,,<,,****,
*,***,*#..[.....@o..#**,,,,,**,,,
,,,,,,,,.#......#...#**,,,,**,*,,
,P,,,P,**###..#.##...#**,*,,**,,,
***,,*** #.####*#...#*,,,**,,,*
,**,,* #.### ###....,,,,,,,**
**,,** #...###P##....,,,[,***
**,,** #.......#*....,,,,**
***,,* #.P##..##**.#.,,***
P**,P**** ######..# **,,*,,,*


You could see Urug.

Vanquished Creatures
  Harold (D:11)
  3 hydras
  2 boulder beetles
  The ghost of Cancer the Geomancer, a journeyman GrEE of Vehumet (Lair:3)
  An oklob plant (Lair:2)
  A manticore (D:11)
  6 elephants (Lair:4)
  2 black mambas
  8 cane toads
  An unseen horror (D:11)
  4 rime drakes
  A rime drake (shapeshifter) (D:11)
  2 kobold demonologists (D:11)
  7 komodo dragons
  3 polar bears
  A troll (D:8)
  A hornet (D:8)
  7 blink frogs
  4 dream sheep (Lair:1)
  A wraith (D:8)
  2 shadows
  44 yaks
  6 wyverns
  2 basilisks
  5 vampire mosquitoes (D:11)
  A steam dragon (D:7)
  Grum (D:8)
  An acid dragon (D:11)
  15 water moccasins
  6 orc warriors (D:9)
  3 sky beasts
  3 ice beasts
  4 black bears
  A necrophage (D:5)
  12 wolves
  4 ogres
  10 centaurs
  Blork the orc (D:5)
  5 bullfrogs
  A wyvern zombie (D:6)
  6 scorpions
  A water moccasin skeleton (D:5)
  16 killer bees
  A wight (D:6)
  4 howler monkeys
  An electric eel (Lair:4)
  A crimson imp (D:7)
  3 centaur zombies
  2 jellies
  2 hounds
  7 orc priests
  4 gnoll shamans
  2 bullfrog skeletons
  2 centaur skeletons
  3 iguanas (D:5)
  A scorpion zombie (D:5)
  11 orc wizards
  4 hell rats (Lair:2)
  2 killer bee zombies
  A howler monkey zombie (D:8)
  Robin (D:4)
  16 gnolls
  6 adders
  A white imp (D:7)
  2 ufetubi (D:4)
  An adder skeleton (D:4)
  8 worms
  3 dart slugs
  29 orcs
  5 ball pythons
  6 endoplasms
  7 giant cockroaches
  16 goblins
  6 hobgoblins
  4 jackals (D:2)
  4 quokkas
  3 bats
  2 frilled lizards
  7 kobolds
  4 rats
389 creatures vanquished.

Vanquished Creatures (others)
  A bush (Lair:4)
  18 fungi
  26 plants
45 creatures vanquished.

Grand Total: 434 creatures vanquished

Notes
Turn   | Place    | Note
-------+----------+-------------------------------------------
     0 | D:1      | fragbeetle the Draconian Transmuter began the quest for the
                  | Orb.
     0 | D:1      | Reached XP level 1. HP: 16/16 MP: 3/3
   249 | D:1      | Found a faded altar of an unknown god.
   292 | D:1      | Reached XP level 2. HP: 23/23 MP: 3/5
  1031 | D:2      | Reached XP level 3. HP: 23/28 MP: 4/6
  1035 | D:2      | Learned a level 3 spell: Spider Form
  1350 | D:2      | Found a basalt altar of Yredelemnul.
  1621 | D:3      | Reached XP level 4. HP: 28/36 MP: 5/7
  1834 | D:3      | Found a shimmering altar of Xom.
  2068 | D:3      | Found a sparkling altar of Nemelex Xobeh.
  2369 | D:4      | Found an ancient bone altar of Kikubaaqudgha.
  2631 | D:4      | Noticed Robin
  2672 | D:4      | Killed Robin
  2673 | D:4      | Reached skill level 1 in Poison Magic
  3028 | D:4      | Learned a level 3 spell: Ozocubu's Armour
  3162 | D:4      | Reached skill level 4 in Unarmed Combat
  3173 | D:4      | Reached XP level 5. HP: 31/41 MP: 6/8
  3562 | D:4      | Found an opulent altar of Gozag.
  3669 | D:5      | Entered Level 5 of the Dungeon
  3699 | D:5      | Found a shadowy altar of Dithmenos.
  3747 | D:5      | Noticed a necrophage
  3803 | D:5      | Noticed an ice beast
  3890 | D:5      | Reached skill level 1 in Ice Magic
  3897 | D:5      | Killed a necrophage
  3898 | D:5      | Reached XP level 6. HP: 15/50 MP: 6/9
  4622 | D:5      | Found a staircase to the Ecumenical Temple.
  4651 | Temple   | Entered the Ecumenical Temple
  4742 | Temple   | Became a worshipper of Ashenzari the Shackled
  4787 | D:5      | Noticed a sky beast
  4799 | D:5      | Killed a sky beast
  4800 | D:5      | Your scales start taking on a fiery red colour.
  4800 | D:5      | Reduced skill Ice Magic to level 1
  4800 | D:5      | Reached XP level 7. HP: 18/57 MP: 10/10
  4800 | D:5      | Gained mutation: Your flesh is heat resistant. (rF+) [Red
                  | Draconian growth]
  4977 | D:5      | Noticed Blork the orc
  4991 | D:5      | Killed Blork the orc
  4992 | D:5      | Reached skill level 5 in Unarmed Combat
  6078 | D:5      | Reached XP level 8. HP: 53/64 MP: 11/11
  6664 | D:6      | Identified the cursed +1 hat of the Ruined Stars {Fort,
                  | Comp} (You found it on level 1 of the Dungeon)
  6747 | D:6      | Reached skill level 6 in Unarmed Combat
  6956 | D:6      | Learned a level 4 spell: Ice Form
  7329 | D:6      | Found a burning altar of Makhleb.
  7492 | D:6      | Reached XP level 9. HP: 35/72 MP: 13/13
  7793 | D:6      | Found Itar's Armour Emporium.
  7799 | D:6      | Bought a +1 cloak of preservation for 181 gold pieces
  7920 | D:6      | Reached * piety under Ashenzari
  8005 | D:6      | Found a shimmering blue altar of Sif Muna.
  8119 | D:6      | Reached skill level 5 in Transmutations
  8145 | D:6      | Found a sacrificial altar of Ru.
  8568 | D:7      | Reached skill level 7 in Unarmed Combat
  8849 | D:7      | Learned a level 4 spell: Sticky Flame
  8993 | D:7      | Found an iron altar of Okawaru.
  9105 | D:7      | Reached skill level 5 in Fighting
  9307 | D:7      | Reached ** piety under Ashenzari
  9323 | D:7      | Reached skill level 1 in Fire Magic
  9358 | D:7      | Found a snail-covered altar of Cheibriados.
  9561 | D:8      | Noticed a troll
  9570 | D:8      | Killed a troll
  9578 | D:8      | Noticed Grum
  9595 | D:7      | Reached skill level 5 in Ice Magic
  9731 | D:8      | Killed Grum
  9732 | D:8      | Reached skill level 5 in Dodging
  9940 | D:8      | Reached XP level 10. HP: 84/84 MP: 13/17
  9990 | D:8      | Found an ornate altar of the Wu Jian Council.
 10005 | D:8      | Reached skill level 8 in Unarmed Combat
 10951 | D:9      | Identified the +1 leather armour "Kadauq" {rC+ Dex+4}
 11674 | D:9      | Found a staircase to the Orcish Mines.
 12139 | D:10     | Entered Level 10 of the Dungeon
 12298 | D:9      | Reached *** piety under Ashenzari
 12473 | D:10     | Found a staircase to the Lair.
 12662 | Lair:1   | Entered Level 1 of the Lair of Beasts
 12703 | Lair:1   | Reached skill level 9 in Unarmed Combat
 12847 | D:10     | Reached skill level 5 in Spellcasting
 13118 | D:10     | Reached XP level 11. HP: 94/97 MP: 22/22
 13342 | D:9      | Found a glowing golden altar of the Shining One.
 13392 | D:11     | Identified a scroll of acquirement
 13411 | D:11     | Noticed a boulder beetle
 13424 | D:11     | Killed a boulder beetle
 13676 | D:11     | Reached skill level 5 in Fire Magic
 13883 | D:11     | Acquired 997 gold pieces
 13908 | D:11     | Noticed Harold
 13917 | D:11     | Noticed a sixfirhy
 13936 | D:11     | Killed Harold
 13937 | D:11     | Reached skill level 10 in Unarmed Combat
 15121 | Lair:1   | Reached XP level 12. HP: 107/107 MP: 24/24
 15224 | Lair:1   | Found a large runed translucent door.
 15224 | Lair:1   | Found a large runed translucent door.
 15226 | Lair:1   | Noticed Jukk's ghost (journeyman DECj)
 15354 | Lair:1   | Noticed an eight-headed hydra
 15361 | Lair:1   | Killed an eight-headed hydra
 15811 | Lair:1   | Reached skill level 11 in Unarmed Combat
 16406 | Lair:2   | Reached skill level 1 in Conjurations
 16570 | Lair:2   | Found a staircase to the Shoals.
 16675 | Lair:2   | Found an ancient bone altar of Kikubaaqudgha.
 17598 | Lair:2   | Noticed an eight-headed hydra
 17607 | Lair:2   | Killed an eight-headed hydra
 18389 | Lair:3   | Found a runed translucent door.
 18389 | Lair:3   | Noticed Cancer's ghost (journeyman GrEE)
 18407 | Lair:3   | Killed Cancer's ghost
 18498 | Lair:3   | Learned a level 5 spell: Blade Hands
 19007 | Lair:3   | Noticed a boulder beetle
 19025 | Lair:3   | Killed a boulder beetle
 19026 | Lair:3   | Reached skill level 12 in Unarmed Combat
 19226 | Lair:3   | Reached XP level 13. HP: 113/113 MP: 24/24
 19237 | Lair:3   | Found a hole to the Spider Nest.
 19268 | Lair:3   | Learned a level 4 spell: Leda's Liquefaction
 19570 | Lair:4   | Reached skill level 1 in Earth Magic
 19889 | Lair:4   | Noticed Urug
 20821 | Lair:4   | Slain by Urug

Illustrated notes

Levels and vault maps discovered:
D:1:      tarquinn_simple_flora_water_a, layout_basic,
          hellmonk_ecumenical_altar_run_dry
D:2:      layout_rooms, basic_altar
D:3:      layout_basic, mainiacjoe_overflow_24_doors,
          mainiacjoe_overflow_alcove_1
D:4:      layout_basic, kennysheep_mini_moat, lemuel_tele_altar, uniq_robin
D:5:      layout_loops_corners, nicolae_dithmenos_shadow_blocks,
          minmay_temple_entry_slanted, grunt_ministairs_9,
          minmay_quadrilaterals, uniq_blork_the_orc
D:6:      layout_basic, old_standard_altar, lemuel_blue_sif_altar,
          lemuel_coloured_pillars_altar, serial_shops, shop,
          minmay_fractal_squares_5
D:7:      layout_cave_pools, kennysheep_mini, okawaru_metal_pillars_1_2,
          minmay_fire_ice_demons
D:8:      layout_gridville, mainiacjoe_overflow_catwalk, uniq_grum
D:9:      layout_irregular_city, nicolae_overflow_hidden_temple, david_orc_4
D:10:     layout_loops_cross, david_lair_generic
D:11:     cheibrodos_barr_body, layout_cave_pools, serial_glass,
          glass_columns_a, glass_columns_b, item_on_display_a,
          minmay_strange_pillars, minmay_strange_pillars,
          minmay_strange_pillars, uniq_harold
Temple:   cyrus_temple_forest
Lair:1:   layout_regular_city, ebering_ghost_disaster_area, beast_lair_carwin_6
Lair:2:   layout_cave_pods, minmay_shoals_entry_centaurs,
          chequers_serial_rivers_micro_d, lemuel_oklob_altar, grunt_megastairs_1
Lair:3:   layout_roguey, nicolae_spider_entry_non_spiders,
          gammafunk_ghost_grave, serial_bayou_pond_e, st_stairs_7
Lair:4:   layout_loops_ring, chequers_serial_rivers_micro_a,
          serial_bayou_shore_a, grunt_megastairs_5, infiniplex_staircase_pool_2,
          uniq_urug

Skill      XL: |  1  2  3  4  5  6  7  8  9 10 11 12 13 |
---------------+----------------------------------------+-----
Dodging        | 2 3 4 5 6 7 8 |  8.1
Transmutations | 3 4 5 6 7 8 9 |  9.1
Fighting       | 2 3 4 5 6 7 9 |  9.5
Poison Magic   | 1 2 3 |  3.0
Unarmed Combat | 4 5 6 7 9 10 12 | 12.5
Ice Magic      | 1 1 2 4 5 6 |  6.0
Spellcasting   | 3 4 5 6 |  6.5
Fire Magic     | 2 4 6 7 8 |  8.6
Conjurations   | 3 |  3.1
Earth Magic    | 2 |  2.3

Action                   |  1- 3 |  4- 6 |  7- 9 | 10-12 | 13-15 || total
-------------------------+-------+-------+-------+-------+-------++-------
Melee: Unarmed           |   110 |   150 |   328 |   570 |   158 ||  1316
       Kick              |    31 |    34 |    34 |     1 |       ||   100
       Headbutt          |    14 |    13 |    20 |       |       ||    47
       Tailslap          |    16 |    12 |    10 |     2 |    14 ||    54
       Punch             |       |     4 |     1 |     1 |     4 ||    10
 Cast: Beastly Appendage |    29 |    32 |    18 |     2 |       ||    81
       Spider Form       |       |     3 |    19 |     1 |       ||    23
       Ozocubu's Armour  |       |       |     7 |    38 |    11 ||    56
       Ice Form          |       |       |     8 |    70 |    15 ||    93
       Blade Hands       |       |       |       |       |     3 ||     3
Invok: Curse Item        |       |       |     3 |     1 |     1 ||     5
       Shatter the Chain |       |       |       |     1 |       ||     1
 Abil: Breathe Fire      |       |       |     4 |       |       ||     4
       End Transformatio |       |       |     2 |     1 |     3 ||     6
  Use: Scroll            |       |       |       |     2 |     1 ||     3
       Potion            |       |       |       |     2 |     1 ||     3
 Stab: Sleeping          |       |     1 |     4 |       |       ||     5
Armor: Skin              |    39 |    30 |   101 |   188 |    47 ||   405
Dodge: Dodged            |    61 |    70 |   302 |   302 |    64 ||   799

Table legend: (Time is in decaauts)
 A = Elapsed time spent in this place.
 B = Non-inter-level travel time spent in this place.
 C = Inter-level travel time spent in this place.
 D = Time resting spent in this place.
 E = Time spent auto-exploring this place.
 F = Levels seen in this place.
 G = Mean time per level.
                   A        B        C        D        E       F      G
               +--------+--------+--------+--------+--------+-----+--------+
         Total |  20642 |  20215 |    427 |   4557 |   9723 |  16 | 1290.1 |
       Dungeon |  14555 |  14327 |    228 |   3409 |   6903 |  11 | 1323.2 |
        Temple |    130 |    130 |      0 |      0 |     77 |   1 |  130.0 |
          Lair |   5955 |   5757 |    198 |   1148 |   2742 |   4 | 1488.8 |
               +--------+--------+--------+--------+--------+-----+--------+

Top non-repeatable levels by time:
     D:5: 2560 daAuts
  Lair:2: 2284 daAuts
     D:6: 1785 daAuts
     D:9: 1740 daAuts
     D:4: 1570 daAuts
  Lair:1: 1492 daAuts
    D:11: 1403 daAuts
  Lair:4: 1307 daAuts
     D:7: 1224 daAuts
    D:10: 1030 daAuts
     D:8: 910 daAuts
     D:1: 878 daAuts
  Lair:3: 871 daAuts
     D:3: 836 daAuts
     D:2: 614 daAuts
